 Dungeon Crawl Stone Soup version 0.32-a0-172-gc5dd13f2a7 (webtiles) character file.

Game seed: 13371009015993594323

1282 zenocrate the Covert (level 8, -4/52 HPs)
             Began as an Octopode Delver on Feb 12, 2024.
             Was an Initiate of Gozag.
             Slain by an ice beast (10 damage)
             ... on level 6 of the Dungeon.
             The game lasted 00:05:27 (4905 turns).

zenocrate the Covert (Octopode Delver)              Turns: 4905, Time: 00:05:27

Health: -4/52      AC:  1    Str: 11    XL:     8   Next: 54%
Magic:  8/8        EV: 14    Int: 19    God:    Gozag
Gold:   391        SH:  5    Dex: 15    Spells: 7/7 levels left

rFire   . . .        b - +1 dagger (speed)
rCold   . . .        (no shield)
rNeg    . . .        (helmet restricted)
rPois   .            v - amulet of reflection
rElec   .            g - +6 ring of intelligence
rCorr   .            o - ring of willpower
SInv    .            (no ring)
Will    +....        (no ring)
Stlth   ++++++       (no ring)
HPRegen 0.28/turn    (no ring)
MPRegen 0.11/turn    (no ring)
                     (no ring)

%: reflection
@: no status effects
A: almost no armour, amphibious, 8 rings, camouflage 1, gelatinous body 1,
(nimble swimmer 1), tentacles
a: Renounce Religion, Potion Petition, Call Merchant, Bribe Branch


You were on level 6 of the Dungeon.
You worshipped Gozag.
Gozag was aware of your devotion.
You visited 2 branches of the dungeon, and saw 7 of its levels.
You also visited: Sewer.

You collected 486 gold pieces.
You paid 95 gold pieces to Gozag.

Inventory:

Hand Weapons
 a - a +0 short sword
 b - a +1 dagger of speed (weapon)
 y - a +0 short sword of flaming
Missiles
 s - 4 darts of dispersal (quivered)
 x - 3 boomerangs
 C - 16 poisoned darts
Jewellery
 g - a +6 ring of intelligence (left tentacle)
 o - a ring of willpower (right tentacle)
 v - an amulet of reflection (around mantle)
Wands
 f - a wand of digging (2)
 i - a wand of flame (1)
 z - a wand of light (3)
 A - a wand of iceblast (9)
Scrolls
 c - a scroll of revelation
 d - 3 scrolls of fear
 j - 2 scrolls of brand weapon {unknown}
 n - a scroll of fog
 p - 2 scrolls of immolation {unknown}
 q - a scroll of vulnerability {unknown}
 u - a scroll of teleportation {unknown}
 w - a scroll of enchant weapon {unknown}
Potions
 e - 6 potions of enlightenment
 h - 2 potions of might
 k - 3 potions of haste
 l - a potion of attraction
 m - 3 potions of mutation {unknown}
 r - 2 potions of invisibility {unknown}
 t - a potion of brilliance {unknown}
 B - 2 potions of curing
 D - a potion of heal wounds


   Skills:
 - Level 3.3 Fighting
 + Level 7.1 Short Blades
 + Level 4.1 Dodging
 + Level 10.9 Stealth


You had 7 spell levels left.
You didn't know any spells.
Your spell library contained the following spells:

 Spells                   Type           Power      Damage    Failure   Level
 Sandblast                Erth           0%         2d4       21%         1
 Passwall                 Erth           0%         N/A       52%         3
 Stone Arrow              Conj/Erth      0%         3d7       52%         3
 Brom's Barrelling Bould  Conj/Erth      0%         2d3       90%         4
 Fulminant Prism          Conj/Alch      0%         3d5       90%         4
 Leda's Liquefaction      Alch/Erth      0%         N/A       90%         4
 Animate Armour           Summ/Erth      Unusable   N/A       N/A         4

Dungeon Overview and Level Annotations

Branches:
Dungeon (6/15)             Temple (1/1) D:5           Sewer (visited)

Altars:
Cheibriados
Elyvilon
Fedhas
Gozag
Hepliaklqana
Kikubaaqudgha
Makhleb
Nemelex Xobeh
Qazlal
Ru
Sif Muna
Trog
Uskayaw
Vehumet
Wu Jian
Xom
Zin
The Shining One


Innate Abilities, Weirdness & Mutations

You cannot wear most types of armour.
You are amphibious.
You can wear up to eight rings at the same time.
Your skin changes colour to match your surroundings (Stealth+).
Your rubbery body absorbs attacks. (AC +1, EV +1)
((You are camouflaged when in or above water. (Stealth+)))
You have tentacles for arms and can constrict up to eight enemies at once.


Message History

Unknown command.
Unknown command.
You hit the ice beast.
The ice beast is heavily wounded.
The kobold hits you with a +0 whip.
* * * LOW HITPOINT WARNING * * *
You block the ice beast's attack.
Unknown command.
Unknown command.
The kobold is no longer distracted by gold.
The kobold is distracted by your dazzling golden aura.
Unknown command.
Aiming: Throw Flame
Press: ? - help, Shift-Dir - straight line, f - ice beast
Aim: an ice beast (heavily wounded, 68% to hit)
The puff of flame hits the ice beast.
The ice beast is severely wounded.
The ice beast completely misses you.
Unknown command.
Aiming: Throw Flame
Press: ? - help, Shift-Dir - straight line, f/p - ice beast
Aim: an ice beast (severely wounded, 68% to hit)
The puff of flame hits the ice beast but does no damage.
The ice beast is severely wounded.
The kobold hits you with a +0 dagger.
* * * LOW HITPOINT WARNING * * *
The ice beast closely misses you.
Unknown command.
Aiming: Throw Flame
Press: ? - help, Shift-Dir - straight line, f/p - ice beast
Aim: an ice beast (severely wounded, 68% to hit)
The puff of flame hits the ice beast but does no damage.
The ice beast is severely wounded.
The kobold hits you with a +0 dagger.
* * * LOW HITPOINT WARNING * * *
The ice beast hits you.
* * * LOW HITPOINT WARNING * * *
The ice beast freezes you!
You die...
Your body crumbles into a pile of gold.

#.....# #.....#
##+##.....#####+##
#................#
#................#
#................#
#................+
##...............K##+###
#.....######....@YK....#
#.....# #######K....#
'.....+ #$$...# #.....#
#.....# #.....#
#........ ##.#....###
.......... ##~######~##
........... #~~~#~~~~~~#
........... #~~~#~~#~~~#
.......)....


You could see an ice beast and 3 kobolds.

Vanquished Creatures
  Sigmund (D:2)
  An ogre (D:3)
  A phantom (Temple)
  Blork the orc (Temple)
  3 kobold brigands
  3 scorpions
  3 bombardier beetles
  3 hounds
  Ijyb (D:5)
  2 sleepcaps (D:5)
  An iguana (D:5)
  Robin (D:2)
  5 adders
  2 river rats (Sewer)
  A shadow imp (D:5)
  2 dart slugs
  A ribbon worm (D:4)
  An orc (Temple)
  5 ball pythons
  6 bats
  4 endoplasms
  6 giant cockroaches
  12 goblins
  2 hobgoblins
  23 jackals
  16 kobolds
  13 quokkas
  2 frilled lizards (D:1)
  11 rats
133 creatures vanquished.

Notes
Turn   | Place    | Note
-------+----------+-------------------------------------------
     0 | D:5      | zenocrate the Octopode Delver began the quest for the Orb.
     0 | D:5      | Reached XP level 1. HP: 16/16 MP: 1/1
     7 | D:5      | Noticed an iguana
    67 | D:5      | Noticed a bombardier beetle
    89 | D:5      | Noticed Blork the orc
    89 | D:5      | Noticed a phantom
   115 | D:5      | Reached XP level 2. HP: 10/21 MP: 2/2
   172 | D:4      | Noticed a bombardier beetle
   184 | D:4      | Killed a bombardier beetle
   185 | D:4      | Reached skill level 7 in Stealth
   185 | D:4      | Reached XP level 3. HP: 20/26 MP: 3/3
   253 | D:4      | Noticed a scorpion
   263 | D:4      | Killed a scorpion
   264 | D:4      | Reached skill level 8 in Stealth
   264 | D:4      | Reached XP level 4. HP: 24/31 MP: 4/4
   312 | D:4      | Reached XP level 5. HP: 24/36 MP: 5/5
   388 | D:2      | Noticed Sigmund
  1443 | D:1      | Found a faded altar of an unknown god.
  1650 | D:2      | Killed Sigmund
  1651 | D:2      | Reached skill level 5 in Short Blades
  1651 | D:2      | Reached skill level 9 in Stealth
  1651 | D:2      | Reached XP level 6. HP: 38/42 MP: 6/6
  1677 | D:2      | Noticed Robin
  1694 | D:2      | Killed Robin
  2396 | D:3      | Reached XP level 7. HP: 46/46 MP: 7/7
  2501 | D:3      | Got the Quarto of Terra Firma and Sublimation
  3026 | D:4      | Found a radiant altar of Vehumet.
  3583 | D:5      | Found a staircase to the Ecumenical Temple.
  3590 | Temple   | Entered the Ecumenical Temple
  3661 | Temple   | Became a worshipper of Gozag Ym Sagoz the Greedy
  3753 | Temple   | Killed Blork the orc
  3874 | Temple   | Reached skill level 10 in Stealth
  3897 | D:5      | Noticed Ijyb
  4016 | D:5      | Identified the +5 scale mail of Roimeqa {Rampage rF+ rCorr
                  | Dex-5 SInv}
  4020 | D:5      | Reached XP level 8. HP: 52/52 MP: 8/8
  4025 | D:5      | Killed Ijyb
  4122 | D:5      | Found a glowing silver altar of Zin.
  4526 | D:6      | Found a glowing drain.
  4535 | Sewer    | Entered a sewer
  4737 | Sewer    | Found a white marble altar of Elyvilon.
  4905 | D:6      | Slain by an ice beast

Illustrated notes

Levels and vault maps discovered:
D:1:      onia_arrival_mini_maze, layout_loops_ring,
          chequers_ecumenical_altar_lobes
D:2:      layout_basic, minmay_rat_gold_closets, uniq_sigmund, uniq_robin
D:3:      layout_loops_cross, grunt_ministairs_9
D:4:      layout_loops_cross, fiery_altar_vehumet
D:5:      layout_loops_cross, mainiacjoe_overflow_concentric_impassable,
          minmay_temple_entry_statues_fountains, uniq_blork_the_orc, uniq_ijyb
D:6:      layout_gridville, jmf_multi_god_temple, gup_sewer_entry_bubbles,
          kennysheep_flooded_box, grunt_decor_fettered, dreamdust_gnoll_farm
Temple:   minmay_temple_bridge_d

Skill      XL: |  1  2  3  4  5  6  7  8 |
---------------+-------------------------+-----
Short Blades   | 3 5 6 7 |  7.1
Stealth        | 7 8 9 10 | 10.9
Dodging        | 3 4 |  4.1
Fighting       | |  3.3

Action                     |  1- 3 |  4- 6 |  7- 9 || total
---------------------------+-------+-------+-------++-------
  Melee: Short sword       |    21 |    90 |       ||   111
         Tentacles         |     6 |    26 |    38 ||    70
         Constrict         |     4 |    28 |    24 ||    56
         Dagger            |       |    41 |   142 ||   183
  Evoke: Wand              |     1 |       |     3 ||     4
    Use: Potion            |     1 |       |       ||     1
         Scroll            |       |       |     3 ||     3
   Stab: Sleeping          |       |    34 |    28 ||    62
         Distracted        |       |     2 |     2 ||     4
 Armour: Skin              |     4 |    30 |    35 ||    69
  Dodge: Dodged            |     8 |    52 |    32 ||    92
  Block: Other             |       |       |    19 ||    19

Table legend: (Time is in decaauts)
 A = Elapsed time spent in this place.
 B = Non-inter-level travel time spent in this place.
 C = Inter-level travel time spent in this place.
 D = Time resting spent in this place.
 E = Time spent auto-exploring this place.
 F = Levels seen in this place.
 G = Mean time per level.
                   A        B        C        D        E       F      G
               +--------+--------+--------+--------+--------+-----+--------+
         Total |   4771 |   4436 |    335 |      0 |   3497 |   8 |  596.4 |
       Dungeon |   4216 |   4021 |    195 |      0 |   3166 |   6 |  702.7 |
        Temple |    277 |    137 |    140 |      0 |    106 |   1 |  277.0 |
         Sewer |    277 |    277 |      0 |      0 |    225 |   1 |  277.0 |
               +--------+--------+--------+--------+--------+-----+--------+

Top non-repeatable levels by time:
     D:2: 1131 daAuts
     D:1: 853 daAuts
     D:5: 748 daAuts
     D:4: 668 daAuts
     D:3: 667 daAuts
   Sewer: 277 daAuts
  Temple: 277 daAuts
     D:6: 147 daAuts
